 Dungeon Crawl Stone Soup version 0.22.0-18-ge075c0d (webtiles) character file.

1 Amnesiac the Magician (level 1, 0/13 HPs)
             Began as a Mummy Air Elementalist on Aug 18, 2018.
             Slain by a bat (1 damage)
             ... on level 2 of the Dungeon.
             The game lasted 00:00:24 (60 turns).

Amnesiac the Magician (Mummy Air Elementalist)        Turns: 60, Time: 00:00:25

Health: 0/13       AC:  2    Str: 11    XL:     1   Next: 16%
Magic:  3/4        EV: 12    Int: 14    God:
Gold:   0          SH:  0    Dex: 12    Spells: 4/5 levels left

rFire    x . .     SeeInvis .   (no weapon)
rCold    + . .     Gourm    .   (no shield)
rNeg     + + +     Faith    .   a - +0 robe
rPois    ∞         Spirit   .   (no helmet)
rElec    .         Reflect  .   (no cloak)
rCorr    .         Harm     .   (no gloves)
MR       .....                  (no boots)
Stlth    ++........             (no amulet)
HPRegen  0.04/turn              (no ring)
MPRegen  0.09/turn              (no ring)

@: no status effects
A: no food or potions, fire vulnerability, cold resistance 1, negative energy
resistance 3, torment resistance, unbreathing
a: no special abilities


You were on level 2 of the Dungeon.
You were not hungry.

You visited 1 branch of the dungeon, and saw 2 of its levels.

Inventory:

Armour
 a - a +0 robe (worn)


   Skills:
 - Level 1.5 Dodging
 - Level 1.5 Stealth
 - Level 2.6 Spellcasting
 - Level 0.7 Conjurations
 + Level 2.5 Air Magic


You had 4 spell levels left.
You knew the following spells:

 Your Spells              Type           Power        Failure   Level  Hunger
a - Shock                 Conj/Air       #...         12%         1    N/A

Your spell library contained the following spells:

 Spells                   Type           Power        Failure   Level  Hunger
 Swiftness                Chrm/Air       #.......     21%         2    N/A
 Static Discharge         Conj/Air       #.......     34%         3    N/A
 Airstrike                Air            #.........   61%         4    N/A
 Lightning Bolt           Conj/Air       #.........   97%         5    N/A

Dungeon Overview and Level Annotations

Branches:
Dungeon (2/15)

Altars:


Innate Abilities, Weirdness & Mutations

You do not eat or drink.
Your flesh is vulnerable to fire.
You are immune to poison.
Your flesh is cold resistant. (rC+)
You are immune to negative energy. (rN+++)
You are immune to unholy pain and torment.
You can survive without breathing.


Message History

Found 7 gold pieces.
You escape the ball python's grasp.
The bat hits you. The quokka closely misses you.
The ball python bites you but does no damage.
The ball python misses you. The jackal barely misses you.
Found a gold piece.
The quokka closely misses you. The bat hits you but does no damage.
The quokka misses you. The bat hits you. The bat hits you.
The ball python bites you.
* * * LOW HITPOINT WARNING * * *
The ball python grabs you. The ball python constricts you.
You escape the ball python's grasp.
The bat hits you but does no damage.
Found a stone staircase leading up.
The bat hits you but does no damage. The bat hits you.
* * * LOW HITPOINT WARNING * * *
The bat barely misses you. As you open the door, it creaks loudly!
You hear a shout!
The bat hits you but does no damage. The quokka barely misses you.
The leopard gecko barely misses you.
You hear an angry hiss.
The bat hits you but does no damage. The quokka closely misses you.
Found a robe.
There is an open door here.
A hobgoblin comes into view.
The bat hits you but does no damage.
The quokka twitches its whiskers.
A frilled lizard comes into view.
The ball python bites you but does no damage.
The ball python barely misses you. The hobgoblin hits you.
* * * LOW HITPOINT WARNING * * *
The ball python barely misses you. x2
The jackal closely misses you.
You hit the jackal but do no damage. The jackal bites you.
* * * LOW HITPOINT WARNING * * *
The hobgoblin barely misses you. The frilled lizard closely misses you.
Casting: Shock (safe; 12% risk of failure)
Confirm with . or Enter, or press ? or * to list all spells.
Aiming: Shock (safe; 12% risk of failure)
Press: ? - help, Shift-Dir - straight line The zap hits the jackal.
The jackal is severely wounded.
The zap hits the jackal.
You kill the jackal!
The adder misses you. The bat hits you but does no damage.
The jackal bites you.
* * * LOW HITPOINT WARNING * * *
The hobgoblin closely misses you. The adder closely misses you.
The frilled lizard bites you.
* * * LOW HITPOINT WARNING * * *
Unknown command.
A rat comes into view.
The bat hits you but does no damage. The ball python closely misses you.
The ball python barely misses you. The jackal closely misses you.
The hobgoblin closely misses you. The bat misses you.
The leopard gecko closely misses you. The bat hits you but does no damage.
The bat barely misses you. The leopard gecko barely misses you.
The ball python misses you. The ball python grabs you.
The ball python constricts you.
You escape the ball python's grasp.
The bat barely misses you.
A hobgoblin comes into view.
The bat hits you.
You die...

#........ ##........ ..
.g....... ... ....
......####...
...#########............
.........h<.Sl# $....#
........?..#hg# .....##
...##......r#S###.......
....+.......h..b@.......
....#.......#.l.........
............##..[......)
............##..........
..##.....##.....###....#
.h#.............# ....#
#.#.............# ...#
#.#.......$####..# #+##
#........### ##.#


You could see a leopard gecko, a quokka, a jackal, a bat and a ball python.

Vanquished Creatures
  A jackal (D:2)
1 creature vanquished.

Notes
Turn   | Place    | Note
-------+----------+-------------------------------------------
     0 | D:1      | Amnesiac the Mummy Air Elementalist began the quest for the Orb.
     0 | D:1      | Reached XP level 1. HP: 13/13 MP: 4/4
    60 | D:2      | Slain by a bat

Action                   || total
-------------------------++-------
Melee: Unarmed           ||     1
 Cast: Shock             ||     3
Armor: Robe              ||    14
Dodge: Dodged            ||    36
